Workbook

Sheet Hist. IS
B2: Dalam Miliaran Rupiah | C2: 2017 | D2: 2016 | E2: 2015 | F2: 2014 | G2: 2013 | H2: 2012 | J2: Income Statement %er | K2: 2017 | L2: 2016 | M2: 2015 | N2: 2014 | O2: 2013 | P2: 2012
B4: Revenue | C4: 2574 | D4: 2562 | E4: 2219 | F4: 2198 | G4: 2372 | H4: 2392 | J4: Revenue (YoY Growth) | K4: =((C4-D4)/D4) -> 0.0046838407 | L4: =((D4-E4)/E4) -> 0.15457413 | M4: =((E4-F4)/F4) -> 0.0095541401 | N4: =((F4-G4)/G4) -> -0.073355818 | O4: =((G4-H4)/H4) -> -0.008361204
B5: COGS | C5: 1412 | D5: 1494 | E5: 1335 | F5: 1358 | G5: 1362 | H5: 1471 | J5: COGS (%Rev) | K5: =C5/C4 -> 0.54856255 | L5: =D5/D4 -> 0.58313817 | M5: =E5/E4 -> 0.60162235 | N5: =F5/F4 -> 0.61783439 | O5: =G5/G4 -> 0.57419899 | P5: =H5/H4 -> 0.61496656
B6: Gross Profit | C6: =C4-C5 -> 1162 | D6: =D4-D5 -> 1068 | E6: =E4-E5 -> 884 | F6: =F4-F5 -> 840 | G6: =G4-G5 -> 1010 | H6: =H4-H5 -> 921 | J6: Sales Ex (%Rev) | K6: =C8/C4 -> 0.14141414 | L6: =D8/D4 -> 0.14441842 | M6: =E8/E4 -> 0.13654799 | N6: =F8/F4 -> 0.13694268 | O6: =G8/G4 -> 0.14376054 | P6: =H8/H4 -> 0.14088629
J7: G&A (%Rev) | K7: =C9/C4 -> 0.066822067 | L7: =D9/D4 -> 0.053864169 | M7: =E9/E4 -> 0.045966652 | N7: =F9/F4 -> 0.045495905 | O7: =G9/G4 -> 0.06450253 | P7: =H9/H4 -> 0.033444816
B8: Sales Expense | C8: 364 | D8: 370 | E8: 303 | F8: 301 | G8: 341 | H8: 337 | J8: Other Ex (%Rev) | K8: =C13/C4 -> 0.0025940171 | L8: =D13/D4 -> 0.0050042935 | M8: =E13/E4 -> 0.036953583 | N8: =F13/F4 -> 0.048680619 | O8: =G13/G4 -> 0.027824621 | P8: =H13/H4 -> 0.0037625418
B9: G&A Expense | C9: 172 | D9: 138 | E9: 102 | F9: 100 | G9: 153 | H9: 80 | J9: Tax Rate | K9: =C16/C14 -> 0.2170088 | L9: =D16/D14 -> 0.23650794 | M9: =E16/E14 -> 0.21925134 | N9: =F16/F14 -> 0.23809524 | O9: =G16/G14 -> 0.30412371 | P9: =H16/H14 -> 0.24561404
B10: Operating Profit | C10: =C6-C9-C8 -> 626 | D10: =D6-D9-D8 -> 560 | E10: =E6-E9-E8 -> 479 | F10: =F6-F9-F8 -> 439 | G10: =G6-G9-G8 -> 516 | H10: =H6-H9-H8 -> 504 | J10: Dividend | K10: =C18/C17 -> 0.72284644 | L10: =D18/D17 -> 0.76507277
J11: Other/Other Cash | K11: =C13/C12 -> 0.13537295 | L11: =D13/D12 -> 0.22422568
B12: Other Cash Income / Expense | C12: =6.78+0.89+42.241-0.588 -> 49.323 | D12: =50.945-0.14+6.311+0.063 -> 57.179
B13: Other Income / Expense | C13: =56-C12 -> 6.677 | D13: =70-D12 -> 12.821 | E13: 82 | F13: 107 | G13: 66 | H13: 9
B14: EBIT | C14: =C13+C10+C12 -> 682 | D14: =D13+D10+D12 -> 630 | E14: =E13+E10+E12 -> 561 | F14: =F13+F10+F12 -> 546 | G14: =G13+G10+G12 -> 582 | H14: =H13+H10+H12 -> 513
B16: Tax | C16: 148 | D16: 149 | E16: 123 | F16: 130 | G16: 177 | H16: 126
B17: Net Income | C17: =C14-C16 -> 534 | D17: =D14-D16 -> 481 | E17: =E14-E16 -> 438 | F17: =F14-F16 -> 416 | G17: =G14-G16 -> 405 | H17: =H14-H16 -> 387
B18: Dividend | C18: 386 | D18: 368
C19: =C17-C18 -> 148
B21: What To Do
B22: Rekonsiliasi CapEx di CF dengan CapEx di PP&E Schedule
B23: Masukin Payable dan Receivable yang belum ke CF Pro

Sheet Hist. BS
B2: Dalam Miliar Rupiah | C2: 2017 | D2: 2016 | E2: 2015 | F2: 2014 | G2: 2013 | H2: 2012 | J2: Balance Sheet Ratios & Assumptions | K2: 2017 | L2: 2016 | M2: 2015 | N2: 2014 | O2: 2013 | P2: 2012 | Q2: Average
B3: Aset | J3: Account Receivable Days | K3: =365*(C6/'Hist. IS'!C4) -> 60.549728 | L3: =365*(D6/'Hist. IS'!D4) -> 52.285324 | M3: =365*(E6/'Hist. IS'!E4) -> 55.268139 | N3: =365*(F6/'Hist. IS'!F4) -> 53.637398 | O3: =365*(G6/'Hist. IS'!G4) -> 50.779933 | P3: =365*(H6/'Hist. IS'!H4) -> 39.826505 | Q3: =AVERAGE(K3:P3) -> 52.057838
B4: Kas | C4: ='Hist. CF'!C43 -> 900.445 | D4: ='Hist. CF'!D43 -> 995.145 | E4: ='Hist. CF'!E43 -> 835 | F4: ='Hist. CF'!F43 -> 865 | G4: ='Hist. CF'!G43 -> 1351 | H4: ='Hist. CF'!H43 -> 412 | J4: Inventory Days | K4: =ABS(365*(C8/'Hist. IS'!C5)) -> 69.27762 | L4: =ABS(365*(D8/'Hist. IS'!D5)) -> 77.446452 | M4: =ABS(365*(E8/'Hist. IS'!E5)) -> 72.453184 | N4: =ABS(365*(F8/'Hist. IS'!F5)) -> 62.087629 | O4: =ABS(365*(G8/'Hist. IS'!G5)) -> 77.180617 | P4: =ABS(365*(H8/'Hist. IS'!H5)) -> 58.558804 | Q4: =AVERAGE(K4:P4) -> 69.500718
B5: Deposito | C5: - | D5: 5 | E5: 190 | F5: 390 | G5: 200 | H5: - | J5: Account Payable Days | K5: =ABS(365*(C22/'Hist. IS'!C5)) -> 32.312323 | L5: =ABS(365*(D22/'Hist. IS'!D5)) -> 43.487282 | M5: =ABS(365*(E22/'Hist. IS'!E5)) -> 40.464419 | N5: =ABS(365*(F22/'Hist. IS'!F5)) -> 36.822533 | O5: =ABS(365*(G22/'Hist. IS'!G5)) -> 46.897944 | P5: =ABS(365*(H22/'Hist. IS'!H5)) -> 47.889191 | Q5: =AVERAGE(K5:P5) -> 41.312282
B6: Piutang Usaha | C6: 427 | D6: 367 | E6: 336 | F6: 323 | G6: 330 | H6: 261 | J6: Accrued Expense (%Rev) | K6: =(C25/'Hist. IS'!C4) -> 0.014374514 | L6: =(D25/'Hist. IS'!D4) -> 0.0011709602 | M6: =(E25/'Hist. IS'!E4) -> 0.0013519603 | N6: =(F25/'Hist. IS'!F4) -> 0.0077343039 | O6: =(G25/'Hist. IS'!G4) -> 0.016020236 | P6: =(H25/'Hist. IS'!H4) -> 0.0079431438 | Q6: =AVERAGE(K6:P6) -> 0.0080991865
B7: Piutang Lain-lain | C7: 4 | D7: 20 | E7: 12 | F7: 12 | G7: 132 | H7: 666 | J7: Other Receivable Days | K7: =365*(C7/'Hist. IS'!C4) -> 0.56721057 | L7: =365*(D7/'Hist. IS'!D4) -> 2.8493365 | M7: =365*(E7/'Hist. IS'!E4) -> 1.9738621 | N7: =365*(F7/'Hist. IS'!F4) -> 1.9927207 | O7: =365*(G7/'Hist. IS'!G4) -> 20.311973 | P7: =365*(H7/'Hist. IS'!H4) -> 101.62625
B8: Persediaan | C8: 268 | D8: 317 | E8: 265 | F8: 231 | G8: 288 | H8: 236 | J8: Other Payable Days | K8: =365*(C23/'Hist. IS'!C5) -> 2.8434844 | L8: =365*(D23/'Hist. IS'!D5) -> 1.2215529 | M8: =365*(E23/'Hist. IS'!E5) -> 3.0074906 | N8: =365*(F23/'Hist. IS'!F5) -> 3.2253314 | O8: =365*(G23/'Hist. IS'!G5) -> 4.0198238 | P8: =365*(H23/'Hist. IS'!H5) -> 21.587356
B9: Others | C9: =27+2.9 -> 29.9 | D9: =88+2.1 -> 90.1 | E9: =68+1 -> 69 | F9: =41-3 -> 38 | G9: =68-3 -> 65 | H9: =12-3 -> 9 | J9: Other Current Assets (%OpEx) | K9: =C9/('Hist. IS'!C8+'Hist. IS'!C9) -> 0.055783582 | L9: =D9/('Hist. IS'!D8+'Hist. IS'!D9) -> 0.1773622 | M9: =E9/('Hist. IS'!E8+'Hist. IS'!E9) -> 0.17037037 | N9: =F9/('Hist. IS'!F8+'Hist. IS'!F9) -> 0.094763092 | O9: =G9/('Hist. IS'!G8+'Hist. IS'!G9) -> 0.13157895 | P9: =H9/('Hist. IS'!H8+'Hist. IS'!H9) -> 0.021582734
B10: Total Aset Lancar | C10: =SUM(C4:C9) -> 1629.345 | D10: =SUM(D4:D9) -> 1794.245 | E10: =SUM(E4:E9) -> 1707 | F10: =SUM(F4:F9) -> 1859 | G10: =SUM(G4:G9) -> 2366 | H10: =SUM(H4:H9) -> 1584 | J10: Other Current Assets (%COGS) | K10: =C9/'Hist. IS'!C5 -> 0.021175637 | L10: =D9/'Hist. IS'!D5 -> 0.060307898 | M10: =E9/'Hist. IS'!E5 -> 0.051685393 | N10: =F9/'Hist. IS'!F5 -> 0.027982327 | O10: =G9/'Hist. IS'!G5 -> 0.047723935 | P10: =H9/'Hist. IS'!H5 -> 0.0061182869
J11: Other Non-Current Assets (%OpEx) | K11: =C16/('Hist. IS'!C8+'Hist. IS'!C9) -> 0.33022388 | L11: =D16/('Hist. IS'!D8+'Hist. IS'!D9) -> 0.084645669 | M11: =E16/('Hist. IS'!E8+'Hist. IS'!E9) -> 0.086419753 | N11: =F16/('Hist. IS'!F8+'Hist. IS'!F9) -> 0.19700748 | O11: =G16/('Hist. IS'!G8+'Hist. IS'!G9) -> 0.052631579 | P11: =H16/('Hist. IS'!H8+'Hist. IS'!H9) -> 0.040767386
B12: Pajak Tangguhan | C12: 46 | D12: 8 | E12: - | F12: - | G12: 2 | H12: 5 | J12: Other Non-Current Assets (%COGS) | K12: =C16/'Hist. IS'!C5 -> 0.12535411 | L12: =D16/'Hist. IS'!D5 -> 0.028781794 | M12: =E16/'Hist. IS'!E5 -> 0.026217228 | N12: =F16/'Hist. IS'!F5 -> 0.058173785 | O12: =G16/'Hist. IS'!G5 -> 0.019089574 | P12: =H16/'Hist. IS'!H5 -> 0.011556764
B13: Investasi Pada Entitas Anak | C13: - | D13: - | E13: - | F13: - | G13: - | H13: 102 | J13: Tax Payable (%EBIT) | K13: =C24/'Hist. IS'!C14 -> 0.049853372 | L13: =D24/'Hist. IS'!D14 -> 0.044444444 | M13: =E24/'Hist. IS'!E14 -> 0.037433155 | N13: =F24/'Hist. IS'!F14 -> 0.023809524 | O13: =G24/'Hist. IS'!G14 -> 0.16666667 | P13: =H24/'Hist. IS'!H14 -> 0.46393762
B14: Goodwill | C14: 91 | D14: 91 | E14: 91 | F14: 91 | G14: - | H14: -
B15: Fixed asset | C15: 1215 | D15: 1051 | E15: 962 | F15: 791 | G15: 556 | H15: 442
B16: Others | C16: 177 | D16: 43 | E16: 35 | F16: 79 | G16: 26 | H16: 17
B17: Total Aset Tidak Lancar | C17: =SUM(C12:C16) -> 1529 | D17: =SUM(D12:D16) -> 1193 | E17: =SUM(E12:E16) -> 1088 | F17: =SUM(F12:F16) -> 961 | G17: =SUM(G12:G16) -> 584 | H17: =SUM(H12:H16) -> 566
B18: Total Aset | C18: =C17+C10 -> 3158.345 | D18: =D17+D10 -> 2987.245 | E18: =E17+E10 -> 2795 | F18: =F17+F10 -> 2820 | G18: =G17+G10 -> 2950 | H18: =H17+H10 -> 2150 | J18: PP&E Schedule | K18: 2017 | L18: 2016 | M18: 2015 | N18: 2014 | O18: 2013 | P18: 2012
J19: Beginning Balance | K19: =D15 -> 1051 | L19: =E15 -> 962 | M19: =F15 -> 791 | N19: =G15 -> 556 | O19: =H15 -> 442
B20: Liabilitas | J20: Depreciation | K20: 60 | L20: 53
B21: Utang Bank Jangka Pendek | C21: - | D21: - | E21: - | F21: - | G21: - | H21: 299 | J21: Capital Expenditure | K21: 224.9 | L21: 142.7
B22: Account Payable | C22: 125 | D22: 178 | E22: 148 | F22: 137 | G22: 175 | H22: 193 | J22: Ending Balance | K22: =K19+K21-K20 -> 1215.9 | L22: =L19+L21-L20 -> 1051.7 | M22: =M19+M21-M20 -> 791 | N22: =N19+N21-N20 -> 556 | O22: =O19+O21-O20 -> 442 | P22: =P19+P21-P20 -> 0
B23: Other Payable | C23: 11 | D23: 5 | E23: 11 | F23: 12 | G23: 15 | H23: 87
B24: Tax Payable | C24: 34 | D24: 28 | E24: 21 | F24: 13 | G24: 97 | H24: 238 | J24: Depreciation (%PP&E) | K24: =K20/K19 -> 0.057088487 | L24: =L20/L19 -> 0.055093555 | M24: =M20/M19 -> 0 | N24: =N20/N19 -> 0 | O24: =O20/O19 -> 0 | P24: =P20/P19 -> #DIV/0!
B25: Accrued Expense | C25: 37 | D25: 3 | E25: 3 | F25: 17 | G25: 38 | H25: 19 | J25: CapEx (%PP&E) | K25: =K21/K19 -> 0.21398668 | L25: =L21/L19 -> 0.1483368 | M25: =M21/M19 -> 0 | N25: =N21/N19 -> 0 | O25: =O21/O19 -> 0 | P25: =P21/P19 -> #DIV/0!
B26: Others | C26: 2 | D26: 2 | E26: 1 | F26: 2 | G26: 0 | H26: 1
B27: Total Liabilitas Jangka Pendek | C27: =SUM(C21:C26) -> 209 | D27: =SUM(D21:D26) -> 216 | E27: =SUM(E21:E26) -> 184 | F27: =SUM(F21:F26) -> 181 | G27: =SUM(G21:G26) -> 325 | H27: =SUM(H21:H26) -> 837
B29: Liabilitas Pajak Tangguhan | C29: 9 | E29: 0 | F29: 5
B30: Employee Benefits Liabilities | C30: 45 | D30: 14 | E30: 14 | G30: 1 | H30: 9
B31: Total Liabilitas Jangka Panjang | C31: =C29+C30 -> 54 | D31: =D29+D30 -> 14 | E31: =E29+E30 -> 14 | F31: =F29+F30 -> 5 | G31: =G29+G30 -> 1 | H31: =H29+H30 -> 9
B32: Total Liabilitas | C32: =C31+C27 -> 263 | D32: =D31+D27 -> 230 | E32: =E31+E27 -> 198 | F32: =F31+F27 -> 186 | G32: =G31+G27 -> 326 | H32: =H31+H27 -> 846
B34: Ekuitas
B35: Modal Saham | C35: 1500 | D35: 1500 | E35: 1500 | F35: 1500 | G35: 1500 | H35: 1130
B36: Tambahan Modal Disetor | C36: 706 | D36: 706 | E36: 692 | F36: 692 | G36: 692
B37: Saldo Laba | C37: 750 | D37: 614 | E37: 511 | F37: 442 | G37: 432 | H37: 176
B38: Treasury Stock | C38: 60 | D38: 62 | E38: 105 | G38: 1 | H38: 2
B39: Total Ekuitas | C39: =C35+C36+C37-C38 -> 2896 | D39: =D35+D36+D37-D38 -> 2758 | E39: =E35+E36+E37-E38 -> 2598 | F39: =F35+F36+F37-F38 -> 2634 | G39: =G35+G36+G37-G38 -> 2623 | H39: =H35+H36+H37-H38 -> 1304
B40: Total Liabilitas & Ekuitas | C40: =C39+C32 -> 3159 | D40: =D39+D32 -> 2988 | E40: =E39+E32 -> 2796 | F40: =F39+F32 -> 2820 | G40: =G39+G32 -> 2949 | H40: =H39+H32 -> 2150
B42: Cek | C42: =C40-C18 -> 0.655 | D42: =D40-D18 -> 0.755 | E42: =E40-E18 -> 1 | F42: =F40-F18 -> 0 | G42: =G40-G18 -> -1 | H42: =H40-H18 -> 0

Sheet Hist. CF
B2: Dalam Miliaran Rupiah | C2: 2017 | D2: 2016 | E2: 2015 | F2: 2014 | G2: 2013 | H2: 2012
B3: Arus Kas dari Operasi
B4: Penerimaan Dari Pelanggan | C4: 2526 | D4: 2474 | E4: 2220 | F4: 2227 | G4: 2290 | H4: 1780
B5: Pembayaran Ke Supplier | C5: -1272 | D5: -1533.6 | E5: -1466 | F5: -1488 | G5: -1607 | H5: -1741
B6: Pembayaran Ke Karyawan | C6: -187 | D6: -227.8 | E6: -253 | F6: -228 | G6: -165 | H6: -126
B7: Pembayaran Beban Operasional | C7: -319 | D7: -173.2 | E7: -7 | F7: -3 | G7: - | H7: -
B8: Pembayaran Pajak | C8: -147 | D8: -135.6 | E8: -135 | F8: -241 | G8: -562 | H8: -2
B9: Penerimaan Pajak | C9: - | D9: - | E9: - | F9: - | G9: 1 | H9: 6
B10: Penerimaan Giro dan Deposito | C10: 40 | D10: 59 | E10: 73 | F10: 102 | G10: 3 | H10: 6
B11: Pembayaran Beban Keuangan | C11: -1 | D11: 0 | E11: 0 | F11: -1 | G11: -13 | H11: -1
B12: Penerimaan lain-lain | C12: - | D12: - | E12: - | F12: - | G12: - | H12: 61
B13: Total Arus Kas dari Operasi | C13: =SUM(C4:C12) -> 640 | D13: =SUM(D4:D12) -> 462.8 | E13: =SUM(E4:E12) -> 432 | F13: =SUM(F4:F12) -> 368 | G13: =SUM(G4:G12) -> -53 | H13: =SUM(H4:H12) -> -17
B15: Arus Kas dari Investasi
B16: Penerimaan Piutang Lain-lain | C16: - | D16: -0.08 | E16: -5 | F16: 125 | G16: - | H16: -
B17: Perolehan Aset Tetap | C17: -216 | D17: -106.9 | E17: -122 | F17: -248 | G17: -175 | H17: -173
B18: Perolehan Aset Tak Lancar | C18: -11 | D18: 0.125
B19: Hasil Penjualan Aset Tetap | C19: 1 | E19: 0 | F19: 0 | G19: 33 | H19: 2
B20: Uang Muka Perolehan Aset Tetap | C20: -129 | D20: -68.7 | E20: -75 | F20: -52 | G20: -35 | H20: -8
B21: Penarikan / (Penempatan) Deposito | C21: 5 | D21: 185 | E21: 200 | F21: -190 | G21: -200 | H21: -
B22: Investasi | C22: - | D22: - | E22: - | F22: - | G22: -576 | H22: -
B23: Pelepasan Investasi | C23: - | D23: - | E23: - | F23: 62 | G23: 658
B24: Pembayaran Akuisisi | C24: - | D24: - | E24: - | F24: -121
B25: Hasil Pelepasan Entitas Anak | C25: - | D25: - | E25: - | F25: - | G25: 101
B26: Total Arus Kas dari Investasi | C26: =SUM(C16:C25) -> -350 | D26: =SUM(D16:D25) -> 9.445 | E26: =SUM(E16:E25) -> -2 | F26: =SUM(F16:F25) -> -424 | G26: =SUM(G16:G25) -> -194 | H26: =SUM(H16:H25) -> -179
B28: Arus Kas dari Pendanaan
B29: Penerimaan Pinjaman Bank | C29: - | D29: - | E29: - | F29: - | G29: - | H29: 299
B30: Pembayaran Pinjaman Bank | C30: - | D30: - | E30: - | F30: -19 | G30: -299 | H30: -1
B31: Penerimaan Pinjaman dari Pemegang Saham | C31: - | D31: - | E31: - | F31: - | G31: 574
B32: Pembayaran Pinjaman dari Pemegang Saham | C32: - | D32: - | E32: - | F32: - | G32: -10 | H32: -255
B33: Pembayaran Dividen Kas | C33: -386.9 | D33: -368.5 | E33: -360 | F33: -405 | G33: -150 | H33: -651
B34: Penambahan Modal | C34: - | D34: - | E34: - | F34: - | G34: 220 | H34: 1094
B35: Penerimaan dari Penerbitan Modal Saham | C35: - | D35: - | E35: - | F35: - | G35: 870
B36: Penerimaan Hasil Penjualan Saham Tresuri | C36: 2.2 | D36: 84.8
B37: Buyback | D37: -28.4 | E37: -100
B38: Biaya Penawaran Saham | F38: -6 | G38: -19
B39: Total Arus Kas dari Pendanaan | C39: =SUM(C29:C38) -> -384.7 | D39: =SUM(D29:D38) -> -312.1 | E39: =SUM(E29:E38) -> -460 | F39: =SUM(F29:F38) -> -430 | G39: =SUM(G29:G38) -> 1186 | H39: =SUM(H29:H38) -> 486
B41: Kas Awal | C41: =D43 -> 995.145 | D41: =E43 -> 835 | E41: =F43 -> 865 | F41: =G43 -> 1351 | G41: =H43 -> 412 | H41: 122
B42: Perubahan | C42: =C13+C26+C39 -> -94.7 | D42: =D13+D26+D39 -> 160.145 | E42: =E13+E26+E39 -> -30 | F42: =F13+F26+F39 -> -486 | G42: =G13+G26+G39 -> 939 | H42: =H13+H26+H39 -> 290
B43: Kas Akhir | C43: =C41+C42 -> 900.445 | D43: =D41+D42 -> 995.145 | E43: =E41+E42 -> 835 | F43: =F41+F42 -> 865 | G43: =G41+G42 -> 1351 | H43: =H41+H42 -> 412

Sheet IS Pro
B2: in Rp1 Bill. | C2: 2018 | D2: 2019 | E2: 2020 | F2: 2021 | G2: 2022 | H2: 2023 | J2: Income Statement Assumptions | K2: 2018 | L2: 2019 | M2: 2020 | N2: 2021 | O2: 2022 | P2: 2023
B4: Revenue | C4: =(K4+1)*'Hist. IS'!C4 -> 2599.74 | D4: =C4*(L4+1) -> 2625.7374 | E4: =D4*(M4+1) -> 2651.9948 | F4: =E4*(N4+1) -> 2678.5147 | G4: =F4*(O4+1) -> 2705.2999 | H4: =G4*(P4+1) -> 2732.3529 | J4: Revenue (YoY Growth) | K4: 0.01 | L4: 0.01 | M4: 0.01 | N4: 0.01 | O4: 0.01 | P4: 0.01
B5: COGS | C5: =C4*K5 -> 1400.1226 | D5: =D4*L5 -> 1387.8665 | E5: =E4*M5 -> 1375.2252 | F5: =F4*N5 -> 1362.1923 | G5: =G4*O5 -> 1348.7612 | H5: =H4*P5 -> 1334.9253 | J5: COGS (%Rev) | K5: ='Hist. IS'!K5-1% -> 0.53856255 | L5: =K5-1% -> 0.52856255 | M5: =L5-1% -> 0.51856255 | N5: =M5-1% -> 0.50856255 | O5: =N5-1% -> 0.49856255 | P5: =O5-1% -> 0.48856255
B6: Gross Profit | C6: =C4-C5 -> 1199.6174 | D6: =D4-D5 -> 1237.8709 | E6: =E4-E5 -> 1276.7696 | F6: =F4-F5 -> 1316.3224 | G6: =G4-G5 -> 1356.5387 | H6: =H4-H5 -> 1397.4276 | J6: Sales Ex (%Rev) | K6: 0.14 | L6: 0.14 | M6: 0.14 | N6: 0.14 | O6: 0.14 | P6: 0.14
J7: G&A (%Rev) | K7: 0.05 | L7: =K7+0.5% -> 0.055 | M7: =L7+0.5% -> 0.06 | N7: =M7+0.5% -> 0.065 | O7: =N7+0.5% -> 0.07 | P7: =O7+0.5% -> 0.075
B8: Sales Expense | C8: =C4*K6 -> 363.9636 | D8: =D4*L6 -> 367.60324 | E8: =E4*M6 -> 371.27927 | F8: =F4*N6 -> 374.99206 | G8: =G4*O6 -> 378.74198 | H8: =H4*P6 -> 382.5294 | J8: Other Ex (%Rev) | K8: 0.02 | L8: 0.02 | M8: 0.02 | N8: 0.02 | O8: 0.02 | P8: 0.02
B9: G&A Expense | C9: =C4*K7 -> 129.987 | D9: =D4*L7 -> 144.41556 | E9: =E4*M7 -> 159.11969 | F9: =F4*N7 -> 174.10346 | G9: =G4*O7 -> 189.37099 | H9: =H4*P7 -> 204.92647 | J9: Tax Rate | K9: 0.17 | L9: 0.17 | M9: 0.17 | N9: 0.17 | O9: 0.17 | P9: 0.17
B10: Operating Profit | C10: =C6-C8-C9 -> 705.6668 | D10: =D6-D8-D9 -> 725.85215 | E10: =E6-E8-E9 -> 746.37065 | F10: =F6-F8-F9 -> 767.22693 | G10: =G6-G8-G9 -> 788.4257 | H10: =H6-H8-H9 -> 809.97172 | J10: Dividend | K10: 0.7 | L10: 0.7 | M10: 0.7 | N10: 0.7 | O10: 0.7 | P10: 0.7
B12: Other Income / Expense | C12: =C4*K8 -> 51.9948 | D12: =D4*L8 -> 52.514748 | E12: =E4*M8 -> 53.039895 | F12: =F4*N8 -> 53.570294 | G12: =G4*O8 -> 54.105997 | H12: =H4*P8 -> 54.647057
B13: EBIT | C13: =C10-C12 -> 653.672 | D13: =D10-D12 -> 673.33741 | E13: =E10-E12 -> 693.33075 | F13: =F10-F12 -> 713.65664 | G13: =G10-G12 -> 734.3197 | H13: =H10-H12 -> 755.32466
B15: Tax | C15: =C13*K9 -> 111.12424 | D15: =D13*L9 -> 114.46736 | E15: =E13*M9 -> 117.86623 | F15: =F13*N9 -> 121.32163 | G15: =G13*O9 -> 124.83435 | H15: =H13*P9 -> 128.40519
B16: Net Income | C16: =C13-C15 -> 542.54776 | D16: =D13-D15 -> 558.87005 | E16: =E13-E15 -> 575.46453 | F16: =F13-F15 -> 592.33501 | G16: =G13-G15 -> 609.48535 | H16: =H13-H15 -> 626.91947
B17: Dividend | C17: =K10*C16 -> 379.78343 | D17: =L10*D16 -> 391.20903 | E17: =M10*E16 -> 402.82517 | F17: =N10*F16 -> 414.63451 | G17: =O10*G16 -> 426.63975 | H17: =P10*H16 -> 438.84363
B18: Retained Earnings | C18: =C16-C17 -> 162.76433 | D18: =D16-D17 -> 167.66101 | E18: =E16-E17 -> 172.63936 | F18: =F16-F17 -> 177.7005 | G18: =G16-G17 -> 182.84561 | H18: =H16-H17 -> 188.07584

Sheet BS Pro
B2: in Rp1 Bill. | C2: 2018 | D2: 2019 | E2: 2020 | F2: 2021 | G2: 2022 | H2: 2023 | J2: Balance Sheet Ratios Assumptions | K2: 2018 | L2: 2019 | M2: 2020 | N2: 2021 | O2: 2022 | P2: 2023
B3: Aset | J3: Account Receivable Days | K3: 52.057838 | L3: 52.057838 | M3: 52.057838 | N3: 52.057838 | O3: 52.057838 | P3: 52.057838
B4: Cash | C4: ='CF Pro'!C26 -> 1012.9442 | D4: ='CF Pro'!D26 -> 1059.0688 | E4: ='CF Pro'!E26 -> 1117.3402 | F4: ='CF Pro'!F26 -> 1187.4114 | G4: ='CF Pro'!G26 -> 1268.9626 | H4: ='CF Pro'!H26 -> 1361.6993 | J4: Inventory Days | K4: 69.500718 | L4: 69.500718 | M4: 69.500718 | N4: 69.500718 | O4: 69.500718 | P4: 69.500718
B5: Account Receivable | C5: =(K3*'IS Pro'!C4)/365 -> 370.78587 | D5: =(L3*'IS Pro'!D4)/365 -> 374.49373 | E5: =(M3*'IS Pro'!E4)/365 -> 378.23867 | F5: =(N3*'IS Pro'!F4)/365 -> 382.02105 | G5: =(O3*'IS Pro'!G4)/365 -> 385.84126 | H5: =(P3*'IS Pro'!H4)/365 -> 389.69968 | J5: Account Payable Days | K5: 41.312282 | L5: 41.312282 | M5: 41.312282 | N5: 41.312282 | O5: 41.312282 | P5: 41.312282
B6: Other Receivable | C6: =(K6*'IS Pro'!C4)/365 -> 7.1225753 | D6: =(L6*'IS Pro'!D4)/365 -> 7.1938011 | E6: =(M6*'IS Pro'!E4)/365 -> 7.2657391 | F6: =(N6*'IS Pro'!F4)/365 -> 7.3383965 | G6: =(O6*'IS Pro'!G4)/365 -> 7.4117805 | H6: =(P6*'IS Pro'!H4)/365 -> 7.4858983 | J6: Other Receivable Days | K6: 1 | L6: 1 | M6: 1 | N6: 1 | O6: 1 | P6: 1
B7: Inventory | C7: =ABS(K4*'IS Pro'!C5)/365 -> 266.60144 | D7: =ABS(L4*'IS Pro'!D5)/365 -> 264.26771 | E7: =ABS(M4*'IS Pro'!E5)/365 -> 261.86065 | F7: =ABS(N4*'IS Pro'!F5)/365 -> 259.37902 | G7: =ABS(O4*'IS Pro'!G5)/365 -> 256.82156 | H7: =ABS(P4*'IS Pro'!H5)/365 -> 254.18703 | J7: Other Payable Days | K7: 2 | L7: 2 | M7: 2 | N7: 2 | O7: 2 | P7: 2
B8: Others | C8: =K8*'IS Pro'!C5 -> 42.003678 | D8: =L8*'IS Pro'!D5 -> 41.635994 | E8: =M8*'IS Pro'!E5 -> 41.256755 | F8: =N8*'IS Pro'!F5 -> 40.865768 | G8: =O8*'IS Pro'!G5 -> 40.462836 | H8: =P8*'IS Pro'!H5 -> 40.047758 | J8: Other Current Assets (%COGS) | K8: 0.03 | L8: 0.03 | M8: 0.03 | N8: 0.03 | O8: 0.03 | P8: 0.03
B9: Total Current Assets | C9: =SUM(C4:C8) -> 1699.4577 | D9: =SUM(D4:D8) -> 1746.6601 | E9: =SUM(E4:E8) -> 1805.962 | F9: =SUM(F4:F8) -> 1877.0157 | G9: =SUM(G4:G8) -> 1959.5001 | H9: =SUM(H4:H8) -> 2053.1196 | J9: Other Non-Current Assets (%COGS) | K9: 0.03 | L9: 0.03 | M9: 0.03 | N9: 0.03 | O9: 0.03 | P9: 0.03
J10: Tax Payable (%EBIT) | K10: 0.04 | L10: 0.04 | M10: 0.04 | N10: 0.04 | O10: 0.04 | P10: 0.04
B11: PP&E | C11: =K16 -> 1342.946 | D11: =L16 -> 1462.3692 | E11: =M16 -> 1574.6271 | F11: =N16 -> 1680.1495 | G11: =O16 -> 1779.3405 | H11: =P16 -> 1872.5801
B12: Goodwill | C12: 91 | D12: 91 | E12: 91 | F12: 91 | G12: 91 | H12: 91 | J12: PP&E Schedule | K12: 2018 | L12: 2019 | M12: 2020 | N12: 2021 | O12: 2022 | P12: 2023
B13: Others | C13: =K9*'IS Pro'!C5 -> 42.003678 | D13: =L9*'IS Pro'!D5 -> 41.635994 | E13: =M9*'IS Pro'!E5 -> 41.256755 | F13: =N9*'IS Pro'!F5 -> 40.865768 | G13: =O9*'IS Pro'!G5 -> 40.462836 | H13: =P9*'IS Pro'!H5 -> 40.047758 | J13: Beginning Balance | K13: 1215.9 | L13: =K16 -> 1342.946 | M13: =L16 -> 1462.3692 | N13: =M16 -> 1574.6271 | O13: =N16 -> 1680.1495 | P13: =O16 -> 1779.3405
B14: Total Non-Current Assets | C14: =SUM(C11:C13) -> 1475.9497 | D14: =SUM(D11:D13) -> 1595.0052 | E14: =SUM(E11:E13) -> 1706.8838 | F14: =SUM(F11:F13) -> 1812.0152 | G14: =SUM(G11:G13) -> 1910.8033 | H14: =SUM(H11:H13) -> 2003.6278 | J14: Depreciation | K14: =K18*K13 -> -72.954 | L14: =L18*L13 -> -80.57676 | M14: =M18*M13 -> -87.742154 | N14: =N18*N13 -> -94.477625 | O14: =O18*O13 -> -100.80897 | P14: =P18*P13 -> -106.76043
B15: Total Aset | C15: =C14+C9 -> 3175.4074 | D15: =D14+D9 -> 3341.6653 | E15: =E14+E9 -> 3512.8459 | F15: =F14+F9 -> 3689.0309 | G15: =G14+G9 -> 3870.3034 | H15: =H14+H9 -> 4056.7474 | J15: Capital Expenditure | K15: 200 | L15: 200 | M15: 200 | N15: 200 | O15: 200 | P15: 200
J16: Ending Balance | K16: =SUM(K13:K15) -> 1342.946 | L16: =SUM(L13:L15) -> 1462.3692 | M16: =SUM(M13:M15) -> 1574.6271 | N16: =SUM(N13:N15) -> 1680.1495 | O16: =SUM(O13:O15) -> 1779.3405 | P16: =SUM(P13:P15) -> 1872.5801
B17: Liability
B18: Account Payable | C18: =(K5*'IS Pro'!C5)/365 -> 158.47195 | D18: =(L5*'IS Pro'!D5)/365 -> 157.08474 | E18: =(M5*'IS Pro'!E5)/365 -> 155.65395 | F18: =(N5*'IS Pro'!F5)/365 -> 154.17883 | G18: =(O5*'IS Pro'!G5)/365 -> 152.65864 | H18: =(P5*'IS Pro'!H5)/365 -> 151.09263 | J18: Depreciation (%PP&E) | K18: -0.06 | L18: -0.06 | M18: -0.06 | N18: -0.06 | O18: -0.06 | P18: -0.06
B19: Other Payable | C19: =(K7*'IS Pro'!C5)/365 -> 7.6719047 | D19: =(L7*'IS Pro'!D5)/365 -> 7.6047477 | E19: =(M7*'IS Pro'!E5)/365 -> 7.5354804 | F19: =(N7*'IS Pro'!F5)/365 -> 7.4640673 | G19: =(O7*'IS Pro'!G5)/365 -> 7.3904723 | H19: =(P7*'IS Pro'!H5)/365 -> 7.3146591
B20: Tax Payable | C20: =K10*'IS Pro'!C13 -> 26.14688 | D20: =L10*'IS Pro'!D13 -> 26.933496 | E20: =M10*'IS Pro'!E13 -> 27.73323 | F20: =N10*'IS Pro'!F13 -> 28.546265 | G20: =O10*'IS Pro'!G13 -> 29.372788 | H20: =P10*'IS Pro'!H13 -> 30.212987
B21: Others | C21: 2 | D21: 2 | E21: 2 | F21: 2 | G21: 2 | H21: 2
B22: Total ST Liabilities | C22: =SUM(C18:C21) -> 194.29073 | D22: =SUM(D18:D21) -> 193.62299 | E22: =SUM(E18:E21) -> 192.92266 | F22: =SUM(F18:F21) -> 192.18916 | G22: =SUM(G18:G21) -> 191.4219 | H22: =SUM(H18:H21) -> 190.62028
B24: Others | C24: 45 | D24: 45 | E24: 45 | F24: 45 | G24: 45 | H24: 45
B25: Total LT Liabilities | C25: =C24 -> 45 | D25: =D24 -> 45 | E25: =E24 -> 45 | F25: =F24 -> 45 | G25: =G24 -> 45 | H25: =H24 -> 45
B26: Total Liabilitas | C26: =C25+C22 -> 239.29073 | D26: =D25+D22 -> 238.62299 | E26: =E25+E22 -> 237.92266 | F26: =F25+F22 -> 237.18916 | G26: =G25+G22 -> 236.4219 | H26: =H25+H22 -> 235.62028
B28: Ekuitas
B29: Paid in capital | C29: 1500 | D29: 1500 | E29: 1500 | F29: 1500 | G29: 1500 | H29: 1500
B30: Additional Capital | C30: 706 | D30: 706 | E30: 706 | F30: 706 | G30: 706 | H30: 706
B31: Retained Earnings | C31: ='Hist. BS'!C37+'IS Pro'!C18 -> 912.76433 | D31: =C31+'IS Pro'!D18 -> 1080.4253 | E31: =D31+'IS Pro'!E18 -> 1253.0647 | F31: =E31+'IS Pro'!F18 -> 1430.7652 | G31: =F31+'IS Pro'!G18 -> 1613.6108 | H31: =G31+'IS Pro'!H18 -> 1801.6866
B32: Treasury Stock | C32: 60 | D32: 60 | E32: 60 | F32: 60 | G32: 60 | H32: 60
B33: Total Ekuitas | C33: =C29+C30+C31-C32 -> 3058.7643 | D33: =D29+D30+D31-D32 -> 3226.4253 | E33: =E29+E30+E31-E32 -> 3399.0647 | F33: =F29+F30+F31-F32 -> 3576.7652 | G33: =G29+G30+G31-G32 -> 3759.6108 | H33: =H29+H30+H31-H32 -> 3947.6866
B34: Total Liabilitas & Ekuitas | C34: =C33+C26 -> 3298.0551 | D34: =D33+D26 -> 3465.0483 | E34: =E33+E26 -> 3636.9874 | F34: =F33+F26 -> 3813.9544 | G34: =G33+G26 -> 3996.0327 | H34: =H33+H26 -> 4183.3069
B36: Cek | C36: =C34-C15 -> 122.64764 | D36: =D34-D15 -> 123.38301 | E36: =E34-E15 -> 124.14149 | F36: =F34-F15 -> 124.92346 | G36: =G34-G15 -> 125.72933 | H36: =H34-H15 -> 126.55948

Sheet CF Pro
B2: in Rp1 Bill. | C2: 2018 | D2: 2019 | E2: 2020 | F2: 2021 | G2: 2022 | H2: 2023
B3: Op Cash Flow
B4: Net Income | C4: ='IS Pro'!C16 -> 542.54776 | D4: ='IS Pro'!D16 -> 558.87005 | E4: ='IS Pro'!E16 -> 575.46453 | F4: ='IS Pro'!F16 -> 592.33501 | G4: ='IS Pro'!G16 -> 609.48535 | H4: ='IS Pro'!H16 -> 626.91947
B5: D&A | C5: =-('BS Pro'!K14) -> 72.954 | D5: =-('BS Pro'!L14) -> 80.57676 | E5: =-('BS Pro'!M14) -> 87.742154 | F5: =-('BS Pro'!N14) -> 94.477625 | G5: =-('BS Pro'!O14) -> 100.80897 | H5: =-('BS Pro'!P14) -> 106.76043
B6: Changes In Working Capital
B7: Decrease / (Increase) Account Receivable | C7: ='Hist. BS'!C6-'BS Pro'!C5 -> 56.214129 | D7: ='BS Pro'!C5-'BS Pro'!D5 -> -3.7078587 | E7: ='BS Pro'!D5-'BS Pro'!E5 -> -3.7449373 | F7: ='BS Pro'!E5-'BS Pro'!F5 -> -3.7823867 | G7: ='BS Pro'!F5-'BS Pro'!G5 -> -3.8202105 | H7: ='BS Pro'!G5-'BS Pro'!H5 -> -3.8584126
B8: Decrease / (Increase) in Other Receivable | C8: ='Hist. BS'!C7-'BS Pro'!C6 -> -3.1225753 | D8: ='BS Pro'!C6-'BS Pro'!D6 -> -0.071225753 | E8: ='BS Pro'!D6-'BS Pro'!E6 -> -0.071938011 | F8: ='BS Pro'!E6-'BS Pro'!F6 -> -0.072657391 | G8: ='BS Pro'!F6-'BS Pro'!G6 -> -0.073383965 | H8: ='BS Pro'!G6-'BS Pro'!H6 -> -0.074117805
B9: Decrease / (Increase) in Inventory | C9: ='Hist. BS'!C8-'BS Pro'!C7 -> 1.3985605 | D9: ='BS Pro'!C7-'BS Pro'!D7 -> 2.333729 | E9: ='BS Pro'!D7-'BS Pro'!E7 -> 2.4070637 | F9: ='BS Pro'!E7-'BS Pro'!F7 -> 2.4816318 | G9: ='BS Pro'!F7-'BS Pro'!G7 -> 2.5574505 | H9: ='BS Pro'!G7-'BS Pro'!H7 -> 2.6345374
B11: Increase / (Decrease) Other Payable | C11: ='BS Pro'!C19-'Hist. BS'!C23 -> -3.3280953 | D11: ='BS Pro'!D19-'BS Pro'!C19 -> -0.067156975 | E11: ='BS Pro'!E19-'BS Pro'!D19 -> -0.069267305 | F11: ='BS Pro'!F19-'BS Pro'!E19 -> -0.071413126 | G11: ='BS Pro'!G19-'BS Pro'!F19 -> -0.073594937 | H11: ='BS Pro'!H19-'BS Pro'!G19 -> -0.075813242
B12: Increase / (Decrease) in Tax Payable | C12: ='BS Pro'!C20-'Hist. BS'!C24 -> -7.85312 | D12: ='BS Pro'!D20-'BS Pro'!C20 -> 0.78661628 | E12: ='BS Pro'!E20-'BS Pro'!D20 -> 0.79973392 | F12: ='BS Pro'!F20-'BS Pro'!E20 -> 0.81303525 | G12: ='BS Pro'!G20-'BS Pro'!F20 -> 0.82652263 | H12: ='BS Pro'!H20-'BS Pro'!G20 -> 0.84019845
B13: Increase / (Decrease) in Account Payable | C13: ='BS Pro'!C18-'Hist. BS'!C22 -> 33.471945 | D13: ='BS Pro'!D18-'BS Pro'!C18 -> -1.387204 | E13: ='BS Pro'!E18-'BS Pro'!D18 -> -1.4307952 | F13: ='BS Pro'!F18-'BS Pro'!E18 -> -1.4751196 | G13: ='BS Pro'!G18-'BS Pro'!F18 -> -1.5201874 | H13: ='BS Pro'!H18-'BS Pro'!G18 -> -1.566009
B14: Total Op Cash Flow | C14: =SUM(C4:C13) -> 692.2826 | D14: =SUM(D4:D13) -> 637.33371 | E14: =SUM(E4:E13) -> 661.09654 | F14: =SUM(F4:F13) -> 684.70572 | G14: =SUM(G4:G13) -> 708.19092 | H14: =SUM(H4:H13) -> 731.58028
B16: Inv. Cash Flow
B17: Capital Expenditures | C17: =-('BS Pro'!K15) -> -200 | D17: =-('BS Pro'!L15) -> -200 | E17: =-('BS Pro'!M15) -> -200 | F17: =-('BS Pro'!N15) -> -200 | G17: =-('BS Pro'!O15) -> -200 | H17: =-('BS Pro'!P15) -> -200
B18: Total Inv. Cash Flow | C18: =SUM(C17:C17) -> -200 | D18: =SUM(D17:D17) -> -200 | E18: =SUM(E17:E17) -> -200 | F18: =SUM(F17:F17) -> -200 | G18: =SUM(G17:G17) -> -200 | H18: =SUM(H17:H17) -> -200
B20: Fin. Cash Flow
B21: Cash Dividend Payment | C21: ='IS Pro'!C17 -> 379.78343 | D21: ='IS Pro'!D17 -> 391.20903 | E21: ='IS Pro'!E17 -> 402.82517 | F21: ='IS Pro'!F17 -> 414.63451 | G21: ='IS Pro'!G17 -> 426.63975 | H21: ='IS Pro'!H17 -> 438.84363
B22: Total Fin. Cash Flow | C22: =-C21 -> -379.78343 | D22: =-D21 -> -391.20903 | E22: =-E21 -> -402.82517 | F22: =-F21 -> -414.63451 | G22: =-G21 -> -426.63975 | H22: =-H21 -> -438.84363
B24: Beginning Cash | C24: ='Hist. BS'!C4 -> 900.445 | D24: =C26 -> 1012.9442 | E24: =D26 -> 1059.0688 | F24: =E26 -> 1117.3402 | G24: =F26 -> 1187.4114 | H24: =G26 -> 1268.9626
B25: Changes | C25: =C14+C18+C22 -> 112.49917 | D25: =D14+D18+D22 -> 46.124674 | E25: =E14+E18+E22 -> 58.271372 | F25: =F14+F18+F22 -> 70.071218 | G25: =G14+G18+G22 -> 81.55117 | H25: =H14+H18+H22 -> 92.736654
B26: Ending Cash | C26: =C24+C25 -> 1012.9442 | D26: =D24+D25 -> 1059.0688 | E26: =E24+E25 -> 1117.3402 | F26: =F24+F25 -> 1187.4114 | G26: =G24+G25 -> 1268.9626 | H26: =H24+H25 -> 1361.6993

Sheet DCF
